 Dungeon Crawl Stone Soup version 0.30.0-30-g96aa6591b8 (webtiles) character file.

Game seed: 4195029049527781758

4 Chiseanne the Sneak (level 1, -3/16 HPs)
             Began as an Octopode Delver on June 29, 2023.
             Slain by an orc priest
             ... wielding a +0 falchion
              (9 damage)
             ... on level 4 of the Dungeon.
             The game lasted 00:00:33 (75 turns).

Chiseanne the Sneak (Octopode Delver)                 Turns: 75, Time: 00:00:33

Health: -3/16      AC:  1    Str: 11    XL:     1   Next: 60%
Magic:  1/1        EV: 13    Int: 12    God:
Gold:   18         SH:  0    Dex: 13    Spells: 0/0 levels left

rFire   . . .        a - +0 long sword
rCold   . . .        (no shield)
rNeg    . . .        (helmet restricted)
rPois   .            (no amulet)
rElec   .            (no ring)
rCorr   .            (no ring)
SInv    .            (no ring)
Will    .....        (no ring)
Stlth   ++++         (no ring)
HPRegen 0.22/turn    (no ring)
MPRegen 0.07/turn    (no ring)
                     (no ring)

%: no passive effects
@: no status effects
A: almost no armour, amphibious, 8 rings, camouflage 1, gelatinous body 1,
(nimble swimmer 1), tentacles
a: no special abilities


You were on level 4 of the Dungeon.
You visited 1 branch of the dungeon, and saw 2 of its levels.

You collected 18 gold pieces.

Inventory:

Hand Weapons
 a - a +0 long sword (weapon)
Wands
 f - a wand of digging (3)
Scrolls
 b - a scroll of fog
 c - a scroll of magic mapping
 d - a scroll of fear
 g - a scroll of immolation {unknown}
Potions
 e - a potion of haste


   Skills:
 * Level 3.1 Fighting
 - Level 2.0 Short Blades
 * Level 2.1 Dodging
 * Level 6.7 Stealth


You couldn't memorise any spells.
You didn't know any spells.
Your spell library was empty.

Dungeon Overview and Level Annotations

Branches:
Dungeon (5/15)
 Temple: D:4-7

Altars:


Innate Abilities, Weirdness & Mutations

You cannot wear most types of armour.
You are amphibious.
You can wear up to eight rings at the same time.
Your skin changes colour to match your surroundings (Stealth+).
Your rubbery body absorbs attacks. (AC +1, EV +1)
((You are camouflaged when in or above water. (Stealth+)))
You have tentacles for arms and can constrict up to eight enemies at once.


Message History

An iguana comes into view.
You now have 10 gold pieces.
There is a stone staircase leading up here.
You climb upwards.
The ball python hisses angrily.
Found a robe.
There is a stone staircase leading down here.
Found 8 gold pieces.
You hit the ball python.
You kill the ball python!
The helpless quokka fails to defend itself.
You hit the quokka. Your grab misses the quokka.
The quokka is moderately wounded.
The quokka closely misses you.
You completely miss the quokka. Your grab misses the quokka.
You squeeze the quokka.
You kill the quokka!
A goblin comes into view. It is wielding a +0 dagger.
You see here 8 gold pieces.
You now have 18 gold pieces (gained 8).
The goblin shouts!
You hit the goblin.
You kill the goblin!
You see here a +0 dagger.
You open the door.
An orc priest comes into view. It is wielding a +0 falchion.
The orc priest shouts!
Found a robe.
You close the door.
An adder comes into view.
An orc priest opens the door.
You start waiting.
An orc priest is nearby!
The orc priest hits you with a +0 falchion!
Ouch! That really hurt!
You closely miss the orc priest. You grab the orc priest.
You constrict the orc priest.
The orc priest hits you with a +0 falchion!
Ouch! That really hurt!
You die...

##..##### #.......#
# #..S..#.##.####
##.##......>.[.....
.........†#.##.###w
##........#.#
####.#.###.#
#.#.###.# #....@..#
##..o#### ##.....##
##..>....##
#.....)...####.[.
+.........'o...o.
#.........##.#...
##.......## #
##.....##


You could see an orc priest.

Vanquished Creatures
  A ball python (D:4)
  A goblin (D:4)
  A quokka (D:4)
3 creatures vanquished.

Notes
Turn   | Place    | Note
-------+----------+-------------------------------------------
     0 | D:5      | Chiseanne the Octopode Delver began the quest for the Orb.
     0 | D:5      | Reached XP level 1. HP: 16/16 MP: 1/1
    18 | D:5      | Noticed an iguana
    63 | D:4      | Noticed an orc priest
    75 | D:4      | Slain by an orc priest

Illustrated notes

Levels and vault maps discovered:
D:4:      layout_loops_corners, mainiacjoe_overflow_surrounded_room,
          nicolae_vehumet_altar_sigil, minmay_temple_entry_steel_oval
D:5:      layout_rooms, nicolae_overflow_crystal_walls, serial_undead,
          serial_undead_d, serial_undead_e, serial_undead_b, serial_undead_e,
          serial_shops, nicolae_shop_window_shopping,
          nicolae_shop_i_like_small_books_too

Action                     || total
---------------------------++-------
  Melee: Long sword        ||     5
         Constrict         ||     1
         Tentacles         ||     1
   Stab: Sleeping          ||     1
  Dodge: Dodged            ||     1
